 Dungeon Crawl Stone Soup version 0.30-a0-571-gdf30a72648 (webtiles) character file.

Game seed: 1976013366351186490

64 Newt the Shooter (level 4, -2/26 HPs)
             Began as a Kobold Hunter on Dec 29, 2022.
             Slain by a goblin
             ... wielding a +0 dagger
             ... led by Robin
              (3 damage)
             ... on level 2 of the Dungeon.
             The game lasted 00:00:58 (1308 turns).

Newt the Shooter (Kobold Hunter)                    Turns: 1308, Time: 00:00:58

Health: -2/26      AC:  3    Str:  8    XL:     4   Next: 32%
Magic:  4/4        EV: 14    Int: 10    God:
Gold:   101        SH:  0    Dex: 20    Spells: 3/3 levels left

rFire   . . .      SeeInvis .    a - +0 shortbow
rCold   . . .      Faith    .    (shield currently unavailable)
rNeg    . . .      Spirit   .    c - +0 leather armour
rPois   .          Reflect  .    (no helmet)
rElec   .          Harm     .    (no cloak)
rCorr   .          Rampage  .    (no gloves)
Will    .....                    (no boots)
Stlth   +++                      d - amulet of regeneration
HPRegen 1.04/turn                (no ring)
MPRegen 0.09/turn                (no ring)

@: no status effects
A: small, no large weapons, nightstalker 3
a: no special abilities


You were on level 2 of the Dungeon.
You visited 1 branch of the dungeon, and saw 2 of its levels.

You collected 101 gold pieces.

Inventory:

Hand Weapons
 a - a +0 shortbow (weapon)
Armour
 c - a +0 leather armour (worn)
Jewellery
 d - an amulet of regeneration (around neck)
Scrolls
 b - a scroll of immolation
 e - a scroll of brand weapon {unknown}
 j - a scroll of identify {unknown}
Potions
 f - a potion of heal wounds {unknown}
 g - a potion of degeneration {unknown}
 h - 2 potions of haste {unknown}
 i - 2 potions of curing {unknown}


   Skills:
 - Level 2.1 Fighting
 + Level 6.9 Ranged Weapons
 - Level 2.4 Dodging
 - Level 3.0 Stealth


You had 3 spell levels left.
You didn't know any spells.
Your spell library was empty.

Dungeon Overview and Level Annotations

Branches:
Dungeon (2/15)

Altars:

Annotations:
D:2 Robin


Innate Abilities, Weirdness & Mutations

You are small and have problems with some larger weapons.
You are completely attuned to the shadows.


Message History

The goblin barely misses you. x2; The hobgoblin misses you.
You shoot an arrow. The arrow hits the goblin.
The goblin is moderately wounded.
The goblin hits you with a +0 club. The goblin misses you.
Robin of the Strong Arm comes into view.
They are wielding a +0 spear.
The hobgoblin misses you. The goblin closely misses you.
The hobgoblin barely misses you. The goblin hits you with a +0 club.
You shoot an arrow. The arrow hits the goblin!
You kill the goblin!
Robin roars a battlecry!
The goblin goes into a battle-frenzy!
The goblin hits you with a +0 club. The hobgoblin barely misses you.
You shoot an arrow. The arrow hits the goblin!
You kill the goblin!
Robin says, "My goblins will feast on your bones."
The hobgoblin hits you but does no damage.
You shoot an arrow. The arrow closely misses the hobgoblin.
Robin hits you from afar with a +0 spear.
A goblin comes into view. It is wielding a +0 dagger.
The hobgoblin hits you.
You shoot an arrow. The arrow closely misses the hobgoblin.
Robin roars a battlecry!
The goblin goes into a battle-frenzy!
The hobgoblin closely misses you.
You shoot an arrow. The arrow hits the hobgoblin.
You kill the hobgoblin!
A goblin comes into view. It is wielding a +0 dagger.
Robin throws the goblin at you! The goblin hits you with a +0 dagger.
Unknown command.
The goblin attacks as you move away! The goblin barely misses you.
Robin throws the goblin at you!
You shoot an arrow. The arrow barely misses the goblin.
The goblin hits you but does no damage.
The goblin hits you with a +0 dagger. x2
Robin barely misses you. The goblin hits you with a +0 dagger.
* * * LOW HITPOINT WARNING * * *
You shoot an arrow. The arrow closely misses the goblin.
The goblin hits you with a +0 dagger.
* * * LOW HITPOINT WARNING * * *
Robin closely misses you. The goblin hits you with a +0 dagger.
You die...

###### #))..g
#g####.
#g.....
#@)##.) #g.#
#..#
########..##.
#............
#.######.....
#.#.# ##.##.
#.#.# .#
#.#.# .#


You could see Robin and 2 goblins.

Vanquished Creatures
  2 adders (D:2)
  A worm (D:2)
  A dart slug (D:1)
  3 bats
  4 endoplasms
  2 giant cockroaches (D:1)
  3 goblins (D:2)
  6 hobgoblins
  5 kobolds
  2 quokkas (D:1)
  2 ball pythons
  2 frilled lizards (D:1)
  4 rats (D:1)
37 creatures vanquished.

Notes
Turn   | Place    | Note
-------+----------+-------------------------------------------
     0 | D:1      | Newt the Kobold Hunter began the quest for the Orb.
     0 | D:1      | Reached XP level 1. HP: 12/12 MP: 1/1
   156 | D:1      | Reached XP level 2. HP: 17/17 MP: 2/2
   336 | D:1      | Reached XP level 3. HP: 21/21 MP: 3/3
   558 | D:1      | Reached skill level 6 in Ranged Weapons
  1208 | D:2      | Reached XP level 4. HP: 26/26 MP: 4/4
  1299 | D:2      | Noticed Robin
  1308 | D:2      | HP: 1/26 [goblin/+0 dagger[Robin] (3)]
  1308 | D:2      | Slain by a goblin

Illustrated notes

Levels and vault maps discovered:
D:1:      lightli_molten_gateway, layout_loops_corners
D:2:      layout_loops_ring, uniq_robin

Skill      XL: |  1  2  3 |
---------------+----------+-----
Stealth        | 3 |  3.0
Ranged Weapons | 6 |  6.9
Fighting       | |  2.1
Dodging        | |  2.4

Action                   |  1- 3 |  4- 6 || total
-------------------------+-------+-------++-------
 Fire: Shortbow          |    61 |    22 ||    83
  Use: Scroll            |       |     1 ||     1
Armor: Leather armour    |     5 |     5 ||    10
Dodge: Dodged            |    13 |    27 ||    40

Table legend: (Time is in decaauts)
 A = Elapsed time spent in this place.
 B = Non-inter-level travel time spent in this place.
 C = Inter-level travel time spent in this place.
 D = Time resting spent in this place.
 E = Time spent auto-exploring this place.
 F = Levels seen in this place.
 G = Mean time per level.
                   A        B        C        D        E       F      G
               +--------+--------+--------+--------+--------+-----+--------+
         Total |   1327 |   1286 |     41 |      0 |   1118 |   2 |  663.5 |
       Dungeon |   1327 |   1286 |     41 |      0 |   1118 |   2 |  663.5 |
               +--------+--------+--------+--------+--------+-----+--------+

Top non-repeatable levels by time:
     D:1: 1053 daAuts
     D:2: 274 daAuts
